 Dungeon Crawl Stone Soup version 0.26-a0-665-gefeb406119 (webtiles) character file.

Game seed: 6405725573103527215

56 Whiskey the Insei (level 3, 0/24 HPs)
             Began as an Octopode Transmuter on Oct 16, 2020.
             Slain by a hobgoblin (1 damage)
             ... on level 2 of the Dungeon.
             The game lasted 00:02:06 (1328 turns).

Whiskey the Insei (Octopode Transmuter)             Turns: 1328, Time: 00:02:06

Health: 0/24       AC:  1    Str: 10    XL:     3   Next: 97%
Magic:  5/6        EV: 13    Int: 15    God:
Gold:   18         SH:  0    Dex: 12    Spells: 5/6 levels left

rFire    . . .     SeeInvis .     - Unarmed
rCold    . . .     Faith    .   (no shield)
rNeg     . . .     Spirit   .   (helmet currently unavailable)
rPois    .         Reflect  .   (no amulet)
rElec    .         Harm     .   b - +4 ring of slaying (curse)
rCorr    .         Rampage  .   (no ring)
MR       .....                  (no ring)
Stlth    ++........             (no ring)
HPRegen  0.08/turn              (no ring)
MPRegen  0.10/turn              (no ring)
                                (no ring)
                                (no ring)

@: appendages
A: almost no armour, stealthy swim, amphibious, 8 rings, constrict 8, tentacle
spike 3, camouflage 1, gelatinous body 1
a: End Transformation


You were on level 2 of the Dungeon.
One of your tentacles had a temporary spike.
You visited 1 branch of the dungeon, and saw 2 of its levels.

You collected 18 gold pieces.

Inventory:

Jewellery
 b - a cursed +4 ring of slaying (left tentacle)
   (You found it on level 1 of the Dungeon)
Wands
 i - a wand of random effects (21)
   (You took it off a hobgoblin on level 2 of the Dungeon)
Scrolls
 a - a scroll of remove curse {unknown}
 c - a scroll of noise {unknown}
 d - a scroll of enchant armour {unknown}
 g - a scroll of fear {unknown}
 h - 2 scrolls of identify {unknown}
Potions
 e - a potion of degeneration {unknown}
 f - 2 potions of cancellation {unknown}


   Skills:
 + Level 1.7 Fighting
 + Level 2.5 Dodging
 + Level 3.3 Unarmed Combat
 + Level 2.4 Spellcasting
 + Level 2.5 Transmutations


You had 5 spell levels left.
You knew the following spells:

 Your Spells              Type           Power        Failure   Level
a - Beastly Appendage     Tmut           #.....       8%          1

Your spell library contained the following spells:

 Spells                   Type           Power        Failure   Level
 Wereblood                Tmut           #.......     11%         2
 Spider Form              Tmut/Pois      #.........   36%         3
 Ice Form                 Ice/Tmut       #.......     77%         4
 Blade Hands              Tmut           #.........   90%         5


Dungeon Overview and Level Annotations

Branches:
Dungeon (2/15)

Altars:


Innate Abilities, Weirdness & Mutations

You cannot wear most types of armour.
You are very stealthy in the water. (Stealth+)
You are amphibious.
You can wear up to eight rings at the same time.
You can use your tentacles to constrict eight enemies at once.
Your skin changes colour to match your surroundings (Stealth+).
Your rubbery body absorbs attacks. (AC +1, EV +1)
One of your tentacles bears a large vicious spike.


Message History

No target in view!
You feel sick.
You feel sick.
You feel sick.
Your tentacle spike disappears.
You feel sick.
You feel sick.
You feel sick.
You feel sick.
You are no longer poisoned.
A hobgoblin comes into view.
It is carrying a wand of random effects (21).
You take 2 damage, and have 14/24 hp.
A giant cockroach comes into view.
A dart slug comes into view.
You bludgeon the dart slug! You grab the dart slug.
You constrict the dart slug. The dart slug bites you.
You take 3 damage, and have 12/24 hp.
You are too injured to fight recklessly!
You are too injured to fight recklessly!
You are too injured to fight recklessly!
You are too injured to fight recklessly!
You are too injured to fight recklessly!
You are too injured to fight recklessly!
You are too injured to fight recklessly!
You are too injured to fight recklessly!
You are too injured to fight recklessly!
You are too injured to fight recklessly!
You are too injured to fight recklessly!
You are too injured to fight recklessly!
You are too injured to fight recklessly!
You are too injured to fight recklessly!
You are too injured to fight recklessly!
You are too injured to fight recklessly!
You are too injured to fight recklessly!
You are too injured to fight recklessly!
You are too injured to fight recklessly!
One of your tentacles grows a vicious spike.
You constrict the dart slug.
You kill the dart slug!
You now have 5/6 mp.
You are too injured to fight recklessly!
You are too injured to fight recklessly!
You tentacle-slap the hobgoblin but do no damage.
You grab the hobgoblin.
Your tentacle spike misses the hobgoblin.
You constrict the hobgoblin, but do no damage.
The hobgoblin hits you.
You take 2 damage, and have 10/24 hp.
You bludgeon the hobgoblin!
You kill the hobgoblin!
Found a stone staircase leading up.
You see here a wand of random effects (21).
Your transformation is almost over.
The helpless giant cockroach fails to defend itself.
You bludgeon the giant cockroach!
You kill the giant cockroach!
i - a wand of random effects (21)
You start resting.
Your tentacle spike disappears.
MP restored: 6 You start resting.
A hobgoblin comes into view.
You regained 2 hp, and now have 13/24 hp.
The hobgoblin shouts!
The hobgoblin throws a stone.
The stone hits you.
You see here a stone.
You take 3 damage, and have 10/24 hp.
You are too injured to fight recklessly!
You are too injured to fight recklessly!
You are too injured to fight recklessly!
You are too injured to fight recklessly!
You are too injured to fight recklessly!
You are too injured to fight recklessly!
You are too injured to fight recklessly!
You are too injured to fight recklessly!
You are too injured to fight recklessly!
One of your tentacles grows a vicious spike.
The hobgoblin throws a stone.
The stone hits you but does no damage.
You now have 5/6 mp.
Number of times to repeat, then command key: You must enter the number of times for the command to repeat.
The hobgoblin throws a stone.
The stone hits you.
You see here a stone.
You take 2 damage, and have 8/24 hp.
A hobgoblin comes into view. It is wielding a +0 club.
The hobgoblin shouts!
You hear an angry hiss.
The hobgoblin throws a stone.
The stone closely misses you.
Found a stone staircase leading up.
An adder comes into view.
The hobgoblin throws a stone.
The stone closely misses you. The hobgoblin hits you with a +0 club.
* * * LOW HITPOINT WARNING * * *
The hobgoblin completely misses you.
You take 4 damage, and have 5/24 hp.
You closely miss the hobgoblin. You grab the hobgoblin.
You pierce the hobgoblin.
You constrict the hobgoblin. The hobgoblin hits you with a +0 club.
* * * LOW HITPOINT WARNING * * *
The hobgoblin hits you.
You die...

###..##.....>...# .
................### ..
.......(..........## #.#
.<............###..##...
......†.(.##### ##..†.#
........(..## ###...#.#
........#...###...#.#.#.
..........#.....##...b..
.......@...S.....<....##
.......gg.............#
###..#.#.###...#........
....#.. <....#.#...#####
......# ..## # ##...
..#### ..# #.#.# #. #.#
#.#.# .# ..#..


You could see an adder and 2 hobgoblins.

Vanquished Creatures
  2 adders (D:2)
  An ooze (D:1)
  A dart slug (D:2)
  2 giant cockroaches
  3 goblins (D:1)
  2 hobgoblins
  4 jackals (D:1)
  4 bats (D:1)
  3 frilled lizards (D:1)
  8 kobolds (D:1)
  3 rats (D:1)
33 creatures vanquished.

Notes
Turn   | Place    | Note
-------+----------+-------------------------------------------
     0 | D:1      | Whiskey the Octopode Transmuter began the quest for the
                  | Orb.
     0 | D:1      | Reached XP level 1. HP: 13/13 MP: 3/3
   118 | D:1      | Reached XP level 2. HP: 17/18 MP: 5/5
   146 | D:1      | HP: 3/18 [giant cockroach (2)]
   683 | D:1      | Reached XP level 3. HP: 22/23 MP: 6/6
  1327 | D:2      | HP: 5/24 [hobgoblin/+0 club (4)]
  1328 | D:2      | HP: 1/24 [hobgoblin/+0 club (4)]
  1328 | D:2      | Slain by a hobgoblin

Illustrated notes

Levels and vault maps discovered:
D:1:      psy_arrival_radial01, layout_basic
D:2:      layout_rooms, lemuel_crystal_altar, kennysheep_okawaru_gauntlet

Action                   || total
-------------------------++-------
Melee: Unarmed           ||    62
       Kick              ||     5
       Tentacles         ||     8
       Constrict         ||    17
       Punch             ||     2
 Cast: Beastly Appendage ||     6
 Stab: Sleeping          ||     5
Armor: Skin              ||     5
Dodge: Dodged            ||    64

Table legend: (Time is in decaauts)
 A = Elapsed time spent in this place.
 B = Non-inter-level travel time spent in this place.
 C = Inter-level travel time spent in this place.
 D = Time resting spent in this place.
 E = Time spent auto-exploring this place.
 F = Levels seen in this place.
 G = Mean time per level.
                   A        B        C        D        E       F      G
               +--------+--------+--------+--------+--------+-----+--------+
         Total |   1323 |   1297 |     26 |    275 |    846 |   2 |  661.5 |
       Dungeon |   1323 |   1297 |     26 |    275 |    846 |   2 |  661.5 |
               +--------+--------+--------+--------+--------+-----+--------+

Top non-repeatable levels by time:
     D:1: 1192 daAuts
     D:2: 130 daAuts

Table legend:
 A = Kills in this place as a percentage of kills in entire the game.
 B = Kills by you in this place as a percentage of kills by you in the entire game.
 C = Kills by friends in this place as a percentage of kills by friends in the entire game.
 D = Other kills in this place as a percentage of other kills in the entire game.
 E = Experience gained in this place as a percentage of experience gained in the entire game.
 F = Experience gained in this place divided by the number of levels of this place that you have seen.
                   A       B       C       D       E      F
               +-------+-------+-------+-------+-------+----------------------
         Total | 100.0 | 100.0 |   N/A |   N/A | 100.0 |  40.5
       Dungeon | 100.0 | 100.0 |   N/A |   N/A | 100.0 |  40.5
               +-------+-------+-------+-------+-------+----------------------
